Cogmind - Beta 13 @@@ ROGUE MODE // 2024.04.06 @ 22:26:28 Player: Cacho Result: Destroyed by G-47 Trooper with Particle Gun Performance ------------- Evolutions (3) 1500 Regions Visited (12) 2400 Robots Destroyed (104) 520 Value Destroyed (4470) 4470 Prototype IDs (28) 560 Alien Tech Used (0) 0 Bonus (3092) 3092 TOTAL SCORE: 12542 Bonus ------- High Alert Combat Kills 634 Follower Combat Kills 179 Entered Garrisons 600 Used RIF Installer 1000 Entered DSFs 500 Aligned with FarCom 300 Friendly Fire -121 Cogmind --------- Core Integrity 0/700 Matter 63/300 Energy 100/100 System Corruption 9% Temperature Cool (9) Movement Hovering (66) Location -7/DSF Parts ------- > --- POWER (1) -------- (None) > --- PROPULSION (4) --- Gyrokinetic Inverter Gyrokinetic Inverter > --- UTILITY (6) ------ Modified TNC Power Shielding Relay Coupler [Grunt] (1) > --- WEAPON (2) ------- Autogun Flak Gun > --- INVENTORY (5) ---- Shock Absorption System Relay Coupler [Specialist] (23) Flak Gun Heavy Machine Gun Improved Datajack Peak State ------------ > --- POWER ------------ Improved Deuterium Engine > --- PROPULSION ------- Gravmag System Gravmag System Gyrokinetic Inverter Gyrokinetic Inverter > --- UTILITY ---------- Advanced Weight Redist. System Improved Signal Interpreter Modified TNC Improved Shield Generator Hacking Suite Relay Coupler [Sentry] > --- WEAPON ----------- Advanced Beam Cannon Heavy Missile Launcher > --- INVENTORY -------- Gravmag System Gravmag System Heavy Missile Launcher Improved Datajack Heavy Mace [Rating: 55] Favorites ----------- Power Improved Ion Engine Engine Improved Ion Engine Power Core Micro Nuclear Core Propulsion Armored Wheel Leg Carbon-fiber Leg Wheel Armored Wheel Hover Unit Gyrokinetic Inverter Flight Unit Xenon Bombardment Thruster Utility Modified TNC Device Improved Shield Generator Storage Medium Storage Unit Processor Modified TNC Hackware Relay Coupler [Sentry] Protection Light Armor Plating Weapon Particle Cannon Energy Gun Small Laser Energy Cannon Particle Cannon Ballistic Gun Heavy Assault Rifle Launcher Heavy Missile Launcher Special Weapon Remote Datajack Impact Weapon Heavy Mace Slashing Weapon Makeshift Sword Special Melee Weapon Improved Datajack Build | -11 -10 -10 -10 -9 -8 -8 -8 -8 -7 -7 -7 -7 ------- Run | Yrd Mat Min Exi Min Mat Gar Mat Gar Fac Gar Fac DSF Slots Evolved 6 | . . . . . 4 . . . 2 . . . Power . | . . . . . . . . . . . . . Propulsion 2 | . . . . . 1 . . . 1 . . . Utility 4 | . . . . . 3 . . . 1 . . . Weapon . | . . . . . . . . . . . . . Parts Attached 143 | . 8 3 . 8 6 13 21 11 50 10 . 13 Power 13 | . 1 . . 1 . . 1 3 6 . . 1 Engine 7 | . 1 . . . . . 1 2 3 . . . Core 6 | . . . . 1 . . . 1 3 . . 1 Reactor . | . . . . . . . . . . . . . Propulsion 29 | . 2 . . . 2 . 4 1 20 . . . Treads . | . . . . . . . . . . . . . Leg 4 | . . . . . . . . . 4 . . . Wheel 4 | . 2 . . . 2 . . . . . . . Hover 15 | . . . . . . . . . 15 . . . Flight 6 | . . . . . . . 4 1 1 . . . Utility 43 | . 3 . . 1 3 3 6 2 15 2 . 8 Device 17 | . 1 . . . . 2 . 2 10 1 . 1 Storage 2 | . 1 . . . . . 1 . . . . . Processor 3 | . . . . . 1 1 . . 1 . . . Hackware 7 | . . . . . . . 5 . 1 1 . . Protection 14 | . 1 . . 1 2 . . . 3 . . 7 Artifact . | . . . . . . . . . . . . . Weapon 58 | . 2 3 . 6 1 10 10 5 9 8 . 4 Energy Gun 10 | . . . . . 1 2 5 1 1 . . . Energy Cannon 9 | . 2 1 . 3 . 2 . . 1 . . . Ballistic Gun 6 | . . 1 . . . 1 . . . . . 4 Ballistic Cannon . | . . . . . . . . . . . . . Launcher 14 | . . . . 3 . 3 2 3 1 2 . . Special Weapon 7 | . . . . . . . 3 1 2 1 . . Impact Weapon 4 | . . . . . . . . . 1 3 . . Slashing Weapon 5 | . . 1 . . . 2 . . 2 . . . Piercing Weapon . | . . . . . . . . . . . . . Special Melee Weapon 3 | . . . . . . . . . 1 2 . . Unidentified Prototypes 3 | . . . . . . . 2 . 1 . . . Parts Lost 38 | . . . . 1 . 3 3 5 12 10 . 4 Power 8 | . . . . . . . 1 2 3 1 . 1 Propulsion 9 | . . . . . . . 2 1 5 1 . . Utility 12 | . . . . 1 . 2 . . 2 5 . 2 Weapon 9 | . . . . . . 1 . 2 2 3 . 1 Highest Loss Streak 5 | . . . . 1 . 2 1 4 5 5 . 2 To Critical Strikes . | . . . . . . . . . . . . . Average Slot Usage (%) 92 | . 98 99 100 100 92 98 83 79 90 87 38 57 Engine 6 | . 14 14 14 12 . . 1 3 4 . . . Core 3 | . . . . 1 9 9 4 2 2 5 . 4 Leg 2 | . 8 . . . . . . . 4 . . . Wheel 14 | . 19 28 28 28 27 27 7 . . . . . Hover 6 | . . . . . . . . . 20 15 15 15 Flight 2 | . . . . . . . 17 22 1 6 . . Device 6 | . 10 . . . . 3 3 2 14 6 . . Storage 7 | . 14 14 14 14 9 9 9 4 . . . . Processor 6 | . . . . . 5 10 9 9 13 7 7 7 Hackware 6 | . . . . . . . 15 27 12 13 7 7 Protection 9 | . 2 14 14 14 23 21 1 . 2 14 . 8 Energy Gun 5 | . 19 . . . 1 5 4 . 2 . . . Energy Cannon 6 | . 7 21 14 12 7 6 . . 4 . . . Ballistic Gun 3 | . . 5 14 14 9 2 . . . . . 12 Special Weapon 1 | . . . . . . . 5 6 . 5 . . Naked Turns . | . . . . . . . . . . . . . Heaviest Build 40 | 10 28 28 27 27 36 40 33 20 33 22 1 28 Greatest Support 60 | 20 24 24 24 24 36 36 36 17 60 22 22 22 Greatest Overweight (x) 9 | . 1 1 1 1 . 1 2 1 9 . . 2 Average Overweight (x) . | . . . 1 1 . . . . . . . . Largest Inventory Capacity 10 | . 10 10 10 10 10 10 10 10 5 5 5 5 Average Capacity 8 | . 9 10 10 10 10 10 10 7 5 5 5 5 Most Carried 10 | . 10 10 10 10 9 10 10 9 5 5 3 5 Average Carried 7 | . 6 9 10 9 7 8 9 6 4 4 3 4 Final Capacity 10 | 8 10 10 10 10 10 10 10 5 5 5 5 5 Final Carried 10 | 6 10 10 10 10 7 10 10 4 5 3 3 5 Class Distribution -------------------- 96% | Mutant Dominant Class ---------------- Mutant | -10/Materials Mutant | -10/Mines Mutant | -10/Exiles Mutant | -9/Mines Mutant | -8/Materials Mutant | -8/Garrison Mutant | -8/Materials Sprinter | -8/Garrison Mutant | -7/Factory Mutant | -7/Garrison Mutant | -7/Factory Mutant | -7/DSF Resources | -11 -10 -10 -10 -9 -8 -8 -8 -8 -7 -7 -7 -7 ----------- Run | Yrd Mat Min Exi Min Mat Gar Mat Gar Fac Gar Fac DSF Matter Collected 2317 | 162 118 30 . 88 . 531 399 184 467 288 . 50 Remotely . | . . . . . . . . . . . . . Salvage Created 2178 | . 442 109 . 53 . 740 161 53 303 164 . 153 Parts 170 | . 29 3 . 14 . 35 14 10 35 13 . 17 Haulers Intercepted 4 | . 2 . . . . . 2 . . . . . Recyclers Shooed 2 | . . . . . . . 1 . 1 . . . Parts Field Recycled 32 | . . . . . . . . . 32 . . . Retrieved Matter 202 | . . . . . . . . . 202 . . . Parts Self-Destructed . | . . . . . . . . . . . . . Prevented . | . . . . . . . . . . . . . Kills | -11 -10 -10 -10 -9 -8 -8 -8 -8 -7 -7 -7 -7 ------- Run | Yrd Mat Min Exi Min Mat Gar Mat Gar Fac Gar Fac DSF Combat Hostiles Destroyed 86 | . 11 1 . 8 . 30 . 6 12 11 . 7 Guns 25 | . 7 . . . . 7 . . 4 . . 7 Cannons 10 | . 4 1 . . . 3 . . 2 . . . AOE 51 | . . . . 8 . 20 . 6 6 11 . . Classes Destroyed 12 | . 6 1 . . . 1 2 . 2 . . . Worker 4 | . 2 . . . . . . . 2 . . . Builder 4 | . . . . . . . 1 . 3 . . . Tunneler 2 | . 1 . . . . . 1 . . . . . Hauler 4 | . 2 . . . . . 2 . . . . . Mechanic 1 | . . . . . . . 1 . . . . . Watcher 2 | . 2 . . . . . . . . . . . Swarmer 43 | . 9 . . 7 . 8 . 5 4 7 . 3 Cutter 8 | . . . . . . . . . 4 . . 4 Grunt 29 | . 2 . . 1 . 19 . 1 2 4 . . Brawler 1 | . . . . . . . . . 1 . . . Sentry 2 | . . 1 . . . 1 . . . . . . Programmer 3 | . . . . . . 2 . . 1 . . . Thug 1 | . . 1 . . . . . . . . . . Best Kill Streak 12 | . 4 1 . 4 . 12 2 3 5 6 . 4 Combat Bots Only 12 | . 3 1 . 4 . 12 . 3 4 6 . 4 Max Kills in Single Turn 5 | . 2 1 . 3 . 3 1 3 4 5 . 1 Gunslinging . | . . . . . . . . . . . . . Exploded 5 | . . . . 3 . 3 . 3 3 5 . . Melee . | . . . . . . . . . . . . . Uniques/NPCs Destroyed . | . . . . . . . . . . . . . Combat | -11 -10 -10 -10 -9 -8 -8 -8 -8 -7 -7 -7 -7 -------- Run | Yrd Mat Min Exi Min Mat Gar Mat Gar Fac Gar Fac DSF Hostile Shots Fired 596 | . 73 2 . 20 . 90 37 60 105 151 . 58 Missed 221 | . 18 1 . 6 . 22 16 23 51 60 . 24 Damage Taken 5450 | . 471 14 . 128 . 977 290 593 929 1335 . 713 Core 1244 | . 53 . . 28 . 93 65 302 129 445 . 129 Absorbed by Shields 319 | . . . . . . . 32 128 128 31 . . Redirected to Shielding 101 | . . . . . . . . . . 80 . 21 Core Remaining (%) 61 | 100 . . . 67 . . . 16 . . . . Volleys Fired 266 | . 54 3 . 7 . 67 40 11 44 16 . 24 Largest 2 | . 2 2 . 1 . 2 1 1 2 1 . 2 Hottest 136 | . 136 136 . 33 . 136 61 65 133 39 . 56 Shots Fired 382 | . 108 6 . 7 . 102 40 11 61 17 . 30 Gun 190 | . 88 . . 1 . 40 12 2 17 . . 30 Cannon 104 | . 20 6 . . . 42 . . 36 . . . Launcher 51 | . . . . 6 . 20 6 3 8 8 . . Special 37 | . . . . . . . 22 6 . 9 . . Kinetic 53 | . . . . 1 . 22 . . . . . 30 Thermal 241 | . 108 6 . . . 60 12 2 53 . . . Explosive 51 | . . . . 6 . 20 6 3 8 8 . . Electromagnetic . | . . . . . . . . . . . . . Robot Hit Streak 10 | . 5 3 . 1 . 10 10 6 4 3 . 4 Robot Miss Streak 11 | . 4 2 . 2 . 6 2 2 4 1 . 11 Penetration Max . | . . . . . . . . . . . . . Secondary Targets 1 | . . . . . . . . . . . . 1 Max Gunslinging Chain 1 | . . . . . . . . . . . . 1 Shots Hit Robots 201 | . 50 3 . 1 . 47 27 6 32 12 . 23 Core Hits 177 | . 23 2 . 8 . 50 7 5 28 20 . 34 Critical Kills . | . . . . . . . . . . . . . Critical Parts Destroyed 1 | . . . . . . . . . . 1 . . Critical Strikes 1 | . . . . . . . . . . 1 . . Smash 1 | . . . . . . . . . . 1 . . Melee Attacks 46 | . . 1 . . . 8 4 . 8 25 . . Impact 24 | . . . . . . . . . . 24 . . Slashing 18 | . . 1 . . . 8 4 . 5 . . . Piercing . | . . . . . . . . . . . . . Sneak Attacks 4 | . . . . . . . 2 . 2 . . . Combat Hostiles . | . . . . . . . . . . . . . Follow-up Attacks . | . . . . . . . . . . . . . Damage Inflicted 8073 | . 709 83 . 458 . 3014 366 395 1600 1049 . 399 Guns 1595 | . 524 . . . . 400 120 . 152 . . 399 Cannons 972 | . 185 83 . . . 332 . . 372 . . . Explosions 5195 | . . . . 458 . 2282 65 395 1057 938 . . Melee 309 | . . . . . . . 181 . 19 109 . . Ramming 2 | . . . . . . . . . . 2 . . Kinetic 610 | . . . . . . 211 . . . . . 399 Thermal 2441 | . 709 83 . . . 521 120 . 1008 . . . Explosive 4711 | . . . . 458 . 2282 65 395 573 938 . . Electromagnetic . | . . . . . . . . . . . . . Impact 109 | . . . . . . . . . . 109 . . Slashing 200 | . . . . . . . 181 . 19 . . . Piercing . | . . . . . . . . . . . . . Highest Corruption 9 | . . . . . . 5 5 5 8 9 9 9 Average Corruption 6 | . . . . . . 4 5 5 6 8 9 9 Corruption Purged . | . . . . . . . . . . . . . Corruption Blocked . | . . . . . . . . . . . . . Effects 99 | . . . . . . 13 14 5 40 15 1 11 Message Errors 31 | . . . . . . 3 3 3 14 4 . 4 Matter Fused 20 | . . . . . . 3 5 . 7 1 1 3 Heat Flow Errors 11 | . . . . . . 1 1 . 6 3 . . Energy Discharges 14 | . . . . . . 2 2 1 4 4 . 1 Parts Rejected 1 | . . . . . . . . . . 1 . . Parts Fused 2 | . . . . . . . . 1 1 . . . Data Loss (minor) 9 | . . . . . . 2 2 . 5 . . . Data Loss (major) 5 | . . . . . . 1 . . 3 1 . . Misfires 2 | . . . . . . 1 . . . 1 . . Alerts 1 | . . . . . . . 1 . . . . . Weapon Failures 3 | . . . . . . . . . . . . 3 Overload Shots . | . . . . . . . . . . . . . Overflow Damage 267 | . . . . 10 . 41 1 29 148 38 . . Projectiles . | . . . . . . . . . . . . . Explosions 242 | . . . . 10 . 41 1 29 148 13 . . Melee 25 | . . . . . . . . . . 25 . . Knockbacks 2 | . . . . . . . . . . 2 . . Impact 2 | . . . . . . . . . . 2 . . Kinetic . | . . . . . . . . . . . . . Secondary . | . . . . . . . . . . . . . Self-Inflicted Damage 303 | . . . . 7 . 22 85 85 72 32 . . Shots 11 | . . . . 1 . 2 3 3 1 1 . . Rammed 1 | . . . . . . . . . . 1 . . Targets Rammed 1 | . . . . . . . . . . 1 . . Kicked . | . . . . . . . . . . . . . Crushed . | . . . . . . . . . . . . . Highest Temperature 464 | . 401 270 . . . 464 296 2 260 282 . . Average Temperature 104 | . 91 139 . . . 130 82 1 93 105 . . Received Heat Transfer 954 | . 78 9 . 18 . 342 48 120 57 273 . 9 Effects 16 | . 3 . . . . 5 . . 4 4 . . Shutdowns 3 | . 1 . . . . 2 . . . . . . Energy Bleed 5 | . 1 . . . . 2 . . 2 . . . Interference 6 | . . . . . . . . . 2 4 . . Matter Decay 1 | . . . . . . 1 . . . . . . Damage (minor) 1 | . 1 . . . . . . . . . . . Siege Activations . | . . . . . . . . . . . . . Robots Corrupted . | . . . . . . . . . . . . . Combat Hostiles . | . . . . . . . . . . . . . Parts Fried . | . . . . . . . . . . . . . Impact Corruptions 1 | . . . . . . . . . . 1 . . Robots Melted . | . . . . . . . . . . . . . Combat Hostiles . | . . . . . . . . . . . . . Parts Melted 6 | . 4 1 . . . . 1 . . . . . Heat Transferred 4177 | . 1533 148 . . . 925 222 . 1349 . . . Parts Sabotaged . | . . . . . . . . . . . . . Parts Stolen . | . . . . . . . . . . . . . Parts Stripped . | . . . . . . . . . . . . . Power Chain Reactions . | . . . . . . . . . . . . . Alert | -11 -10 -10 -10 -9 -8 -8 -8 -8 -7 -7 -7 -7 ------- Run | Yrd Mat Min Exi Min Mat Gar Mat Gar Fac Gar Fac DSF Peak Influence 1346 | . 180 92 . 202 14 1346 745 762 863 951 481 506 Initial 655 | . . 49 . . 10 9 655 471 399 464 481 336 Average 439 | . 58 61 . 100 10 726 675 599 535 645 481 390 Maximum Alert Level 4 | . . . . 1 . 4 3 3 3 3 2 2 Low Security (%) 34 | . 100 100 . 76 100 19 . . . . . . Level 1 10 | . . . . 23 . 1 . . 28 . . 66 Level 2 36 | . . . . . . 28 55 64 62 80 100 33 Level 3 13 | . . . . . . 26 44 35 8 19 . . Level 4 4 | . . . . . . 24 . . . . . . Level 5 . | . . . . . . . . . . . . . High Security . | . . . . . . . . . . . . . Max Security . | . . . . . . . . . . . . . Squads Dispatched 17 | . . . . 1 . . 3 . 10 . . 3 Investigation 4 | . . . . 1 . . 1 . 2 . . . Extermination 1 | . . . . . . . . . 1 . . . Reinforcement 12 | . . . . . . . 2 . 7 . . 3 Assault . | . . . . . . . . . . . . . Garrison . | . . . . . . . . . . . . . Intercept . | . . . . . . . . . . . . . Searches Triggered 1 | . . . . . . . . . 1 . . . Construction Impeded . | . . . . . . . . . . . . . Haulers Reinforced . | . . . . . . . . . . . . . Active Scanning Responses . | . . . . . . . . . . . . . Cargo Convoy Interrupts 1 | . . . . . . . . . 1 . . . Stealth | -11 -10 -10 -10 -9 -8 -8 -8 -8 -7 -7 -7 -7 --------- Run | Yrd Mat Min Exi Min Mat Gar Mat Gar Fac Gar Fac DSF Distress Signals 6 | . 1 . . . . . 5 . . . . . Communications Jammed . | . . . . . . . . . . . . . Distress Signals . | . . . . . . . . . . . . . Times Spotted 194 | . 37 2 . 8 . 24 22 26 36 27 . 12 Peak Tracking Total 9 | . 6 2 . 4 . 7 8 9 4 9 . 5 Tactical Retreats 25 | . 8 . . . . . 4 5 5 1 . 2 Traps | -11 -10 -10 -10 -9 -8 -8 -8 -8 -7 -7 -7 -7 ------- Run | Yrd Mat Min Exi Min Mat Gar Mat Gar Fac Gar Fac DSF Traps Triggered 12 | . . . . . . 2 . 5 1 4 . . Indirectly . | . . . . . . . . . . . . . Trap Hack Attempts . | . . . . . . . . . . . . . Triggered . | . . . . . . . . . . . . . Disarmed 7 | . 6 . . . . . . . 1 . . . Reprogrammed . | . . . . . . . . . . . . . Reused . | . . . . . . . . . . . . . Traps Extracted . | . . . . . . . . . . . . . Installed 3 | . . . . . . 3 . . . . . . Triggered 1 | . . . . . . . . . 1 . . . Most Traps Carried 3 | . . . . . . 3 . . . . . . Machines | -11 -10 -10 -10 -9 -8 -8 -8 -8 -7 -7 -7 -7 ---------- Run | Yrd Mat Min Exi Min Mat Gar Mat Gar Fac Gar Fac DSF Machines Disabled 24 | . . 1 . . . 12 2 1 4 4 . . Max in Single Turn 4 | . . 1 . . . 1 1 1 4 1 . . Garrison Relay 9 | . . . . . . 6 . 1 . 2 . . Machines Repaired . | . . . . . . . . . . . . . Machines Dismantled . | . . . . . . . . . . . . . Machines Sabotaged . | . . . . . . . . . . . . . Overloaded Fab Kills . | . . . . . . . . . . . . . Hacking | -11 -10 -10 -10 -9 -8 -8 -8 -8 -7 -7 -7 -7 --------- Run | Yrd Mat Min Exi Min Mat Gar Mat Gar Fac Gar Fac DSF Machines Accessed 24 | . 8 . 1 1 1 3 3 1 5 . 1 . Terminals 15 | . 7 . . . . 3 1 1 2 . 1 . Fabricators 2 | . . . . . . . . . 2 . . . Repair Stations . | . . . . . . . . . . . . . Recycling Units 1 | . 1 . . . . . . . . . . . Scanalyzers 1 | . . . . . . . 1 . . . . . Garrison Access 3 | . . . . . 1 . 1 . 1 . . . Total Hacks 44 | . 22 . 1 1 1 5 6 1 6 . 1 . Successful 26 | . 9 . 1 1 1 2 5 1 5 . 1 . Failed 18 | . 13 . . . . 3 1 . 1 . . . Catastrophic 1 | . . . . . . 1 . . . . . . Database Lockouts . | . . . . . . . . . . . . . Manual 6 | . 4 . 1 . . . 1 . . . . . Terminals 30 | . 20 . . . . 5 1 1 2 . 1 . Fabricators 3 | . . . . . . . . . 3 . . . Repair Stations . | . . . . . . . . . . . . . Recycling Units 2 | . 2 . . . . . . . . . . . Scanalyzers 3 | . . . . . . . 3 . . . . . Garrison Access 4 | . . . . . 1 . 2 . 1 . . . Terminal Hacks 17 | . 9 . 1 1 . 2 . 1 2 . 1 . Prototype ID Bank 1 | . 1 . . . . . . . . . . . Open Door 1 | . . . . 1 . . . . . . . . Open DSF 2 | . . . . . . . . . 1 . 1 . Emergency Access Points 1 | . . . . . . 1 . . . . . . Terminal Index 1 | . 1 . . . . . . . . . . . Unreport Threat 1 | . 1 . . . . . . . . . . . Locate Traps 3 | . 3 . . . . . . . . . . . Disarm Traps 2 | . 1 . . . . . . . 1 . . . Zone Layout 2 | . 2 . . . . . . . . . . . Patrol Navigation 2 | . . . . . . 1 . 1 . . . . Derelict Proto ID Bank 1 | . . . 1 . . . . . . . . . Fabricator Hacks 2 | . . . . . . . . . 2 . . . Network Status 1 | . . . . . . . . . 1 . . . Build 1 | . . . . . . . . . 1 . . . Repair Station Hacks . | . . . . . . . . . . . . . Recycling Unit Hacks . | . . . . . . . . . . . . . Scanalyzer 3 | . . . . . . . 3 . . . . . Insert Component 2 | . . . . . . . 2 . . . . . Analyze 1 | . . . . . . . 1 . . . . . Garrison Access Hacks 4 | . . . . . 1 . 2 . 1 . . . Unlock Access 3 | . . . . . 1 . 1 . 1 . . . Coupler Status 1 | . . . . . . . 1 . . . . . Unauthorized Hacks . | . . . . . . . . . . . . . Terminals . | . . . . . . . . . . . . . Fabricators . | . . . . . . . . . . . . . Repair Stations . | . . . . . . . . . . . . . Recycling Units . | . . . . . . . . . . . . . Scanalyzers . | . . . . . . . . . . . . . Garrison Access . | . . . . . . . . . . . . . Data Cores Recovered . | . . . . . . . . . . . . . Used . | . . . . . . . . . . . . . Hacking Detections 15 | . 8 . . . . 2 3 . 2 . . . Full Trace Events 3 | . . . . . . 1 1 . 1 . . . Feedback Events . | . . . . . . . . . . . . . Feedback Blocked . | . . . . . . . . . . . . . Robot Schematics Acquired . | . . . . . . . . . . . . . Robots Built . | . . . . . . . . . . . . . Authchips . | . . . . . . . . . . . . . Time . | . . . . . . . . . . . . . Total Robot Build Rating . | . . . . . . . . . . . . . Part Schematics Acquired 1 | . . . . . . . 1 . . . . . Parts Built 2 | . . . . . . . . . 2 . . . Authchips . | . . . . . . . . . . . . . Time 53 | . . . . . . . . . 53 . . . Total Part Build Rating 12 | . . . . . . . . . 12 . . . Parts Repaired . | . . . . . . . . . . . . . Time . | . . . . . . . . . . . . . Parts Recycled . | . . . . . . . . . . . . . Recycled Matter . | . . . . . . . . . . . . . Retrieved Matter . | . . . . . . . . . . . . . Retrieved Components . | . . . . . . . . . . . . . Parts Scanalyzed 1 | . . . . . . . 1 . . . . . Part Schematics Acquired 1 | . . . . . . . 1 . . . . . Parts Damaged . | . . . . . . . . . . . . . Bothacking | -11 -10 -10 -10 -9 -8 -8 -8 -8 -7 -7 -7 -7 ------------ Run | Yrd Mat Min Exi Min Mat Gar Mat Gar Fac Gar Fac DSF Used RIF Installer 2 | . . . . . . 1 . 1 . . . . Signal Jammer 1 | . . . . . . . . 1 . . . . Robots Hacked 16 | . . . . . . . 5 4 2 5 . . Non-combat 3 | . . . . . . . 2 . 1 . . . Combat 13 | . . . . . . . 3 4 1 5 . . Robot Hacks Applied 25 | . . . . . . . 12 4 2 7 . . parse_system 1 | . . . . . . . 1 . . . . . no_distress 2 | . . . . . . . 2 . . . . . find_chute 1 | . . . . . . . . . 1 . . . find_shortcuts 1 | . . . . . . . 1 . . . . . spike_heat 2 | . . . . . . . 2 . . . . . amplify_resonance 3 | . . . . . . . . 3 . . . . go_dormant 8 | . . . . . . . 2 . . 6 . . overwrite_iff 3 | . . . . . . . 1 1 . 1 . . streamctrl_high 4 | . . . . . . . 3 . 1 . . . Relay Couplers Released 39 | . . . . . . 28 . 3 . 8 . . Machine Destruction 39 | . . . . . . 28 . 3 . 8 . . Attached 6 | . . . . . . . 4 . 1 1 . . Fabnet Peak Effective % . | . . . . . . . . . . . . . Robots Rewired . | . . . . . . . . . . . . . Allies Hacked . | . . . . . . . . . . . . . Hacks Repelled . | . . . . . . . . . . . . . Allies | -11 -10 -10 -10 -9 -8 -8 -8 -8 -7 -7 -7 -7 -------- Run | Yrd Mat Min Exi Min Mat Gar Mat Gar Fac Gar Fac DSF Total Allies 6 | . . 1 . . . . 2 1 1 1 . . Largest Group 1 | . . 1 . . . . 1 . 1 1 . . Highest-Rated Group 32 | . . 31 . . . . 16 . 32 16 . . Highest-Rated Ally 32 | . . 31 . . . . 16 . 32 16 . . Total Orders . | . . . . . . . . . . . . . Ally Attacks 18 | . . 4 . . . . 4 1 5 4 . . Total Damage 325 | . . 64 . . . . 60 . 150 51 . . Kills 5 | . . 1 . . . . 1 . 2 1 . . Allies Corrupted . | . . . . . . . . . . . . . Allies Melted . | . . . . . . . . . . . . . Intel | -11 -10 -10 -10 -9 -8 -8 -8 -8 -7 -7 -7 -7 ------- Run | Yrd Mat Min Exi Min Mat Gar Mat Gar Fac Gar Fac DSF Robot Analysis Total . | . . . . . . . . . . . . . Derelict Logs Recovered 4 | . . 2 . 2 . . . . . . . . Drone Launches . | . . . . . . . . . . . . . Drone Recoveries . | . . . . . . . . . . . . . Exploration | -11 -10 -10 -10 -9 -8 -8 -8 -8 -7 -7 -7 -7 ------------- Run | Yrd Mat Min Exi Min Mat Gar Mat Gar Fac Gar Fac DSF Turns Passed 7029 | . 1162 431 406 512 54 1298 573 215 1524 610 43 201 Spaces Moved 6298 | 1 887 376 386 427 38 1077 587 351 1528 463 56 121 Core 23 | . . . . . . . . . 23 . . . Treads . | . . . . . . . . . . . . . Legs 402 | 1 219 . . . . . . . 182 . . . Wheels 3098 | . 668 376 386 427 38 1077 126 . . . . . Hover 1945 | . . . . . . . . . 1305 463 56 121 Flight 830 | . . . . . . . 461 351 18 . . . Fastest Speed 32 | 120 90 90 105 105 90 90 32 32 32 66 66 66 Average Speed 81 | 120 101 104 105 105 90 93 54 33 68 66 67 87 Slowest Speed 500 | 120 120 105 105 105 90 105 120 108 500 70 70 150 Overloaded Moves . | . . . . . . . . . . . . . Propulsion Burnouts . | . . . . . . . . . . . . . Robots Hopped 10 | . . . . . . . . 10 . . . . Cave-ins Triggered 1 | . . . . . . . . . . 1 . . Exploration Rate (%) 51 | 2 98 79 89 89 6 93 38 39 35 51 3 50 Regions Visited 12 Branch Regions 3 Pre-discovered Areas . | . . . . . . . . . . . . . Known Exits Taken 4 | . . . . . 1 . 1 . 1 . 1 . Unknown Exits Taken 5 | 1 1 1 1 1 . . . . . . . . Scrap Searched 3 | . . 1 . 2 . . . . . . . . Spaces Dug 95 | . . 1 . . . 16 55 . 14 9 . . Terrain Destroyed 418 | . . 1 . 64 . 119 71 19 81 63 . . Melee 10 | . . 1 . . . . . . . 9 . . Projectile . | . . . . . . . . . . . . . AOE 408 | . . . . 64 . 119 71 19 81 54 . . Terrain Rammed . | . . . . . . . . . . . . . Walls Destroyed . | . . . . . . . . . . . . . Machines Disabled . | . . . . . . . . . . . . . Actions | -11 -10 -10 -10 -9 -8 -8 -8 -8 -7 -7 -7 -7 --------- Run | Yrd Mat Min Exi Min Mat Gar Mat Gar Fac Gar Fac DSF Total 7743 | . 1042 405 387 482 57 1249 802 432 1939 708 61 179 Wait 766 | . 68 18 . 35 13 51 136 11 261 153 6 14 Move 6272 | . 886 375 385 426 37 1076 587 334 1528 462 55 121 Hop 6 | . . . . . . . . 6 . . . . Pick Up 42 | . 9 2 1 3 . 13 . 1 9 2 . 2 Fast Attach 68 | . 6 1 . . 1 3 8 4 29 3 . 13 Attach 28 | . . . . 1 4 1 3 6 11 2 . . Detach 29 | . 5 . . . 1 1 7 3 10 1 . 1 Swap 48 | . 2 2 . 7 1 9 10 1 11 5 . . Drop 74 | . 12 3 1 3 . 9 7 5 28 2 . 4 Fire 266 | . 54 3 . 7 . 67 40 11 44 16 . 24 Melee 46 | . . 1 . . . 8 4 . 8 25 . . Ram 1 | . . . . . . . . . . 1 . . Kick . | . . . . . . . . . . . . . Crush . | . . . . . . . . . . . . . Escape Stasis 93 | . . . . . . 8 . 50 . 35 . . Rewire 1 | . . . . . . . . . . 1 . . Trap 3 | . . . . . . 3 . . . . . . Miscellaneous . | . . . . . . . . . . . . . Route ------- -11/Scrapyard -10/Materials (discovered 5 exits: *Mat x3 / [*Min x2]) -10/Mines (discovered 3 exits: *Mat x2 / *Exi) -10/Exiles -9/Mines -8/Materials (discovered 2 exits: Sto / Gar) -8/Garrison (discovered 3 exits: *Mat x3) -8/Materials (discovered 3 exits: *Sto x2 / Gar) -8/Garrison -7/Factory (discovered 3 exits: *Low x2 / Gar) -7/Garrison (discovered 2 exits: *Fac x2) -7/Factory -7/DSF History --------- Turn | Location | Event 1 | -11/Scrapyard | Discovered new exit (range 0) 1 | -11/Scrapyard | Entered Materials 73 | -10/Materials | Discovered new exit (range 14) 100 | -10/Materials | Discovered new exit (range 8) 316 | -10/Materials | Build established: Mutant 576 | -10/Materials | Discovered new exit (range 16) 583 | -10/Materials | Discovered new exit (range 15) 809 | -10/Materials | Discovered new exit (range 16) 1163 | -10/Materials | Entered Mines 1211 | -10/Mines | Discovered new exit (range 8) 1252 | -10/Mines | A weapon hastily lodged in a ceiling crevice suddenly fell to the ground 1310 | -10/Mines | Identified exit to Materials 1322 | -10/Mines | Received a Mining Laser from a helpful Derelict 1586 | -10/Mines | Deemed a non-threat by the Exiles lab entrance 1587 | -10/Mines | Discovered new exit (range 5) 1594 | -10/Mines | Entered Exiles 1620 | -10/Exiles | Met 8R-AWN 1639 | -10/Exiles | Met EX-HEX 1676 | -10/Exiles | Met EX-BIN 1691 | -10/Exiles | Aligned with FarCom system 1692 | -10/Exiles | Given EX-Vault access code 1716 | -10/Exiles | Opened EX-Vault 1723 | -10/Exiles | Found Modified TNC 1748 | -10/Exiles | Warned to stay clear of 0b10 Research branches 1780 | -10/Exiles | Met EX-DEC 1812 | -10/Exiles | Visited The Gauntlet 1989 | -10/Exiles | Discovered new exit (range 14) 2000 | -10/Exiles | Left Exiles lab with Modified TNC 2000 | -10/Exiles | Entered Mines 2007 | -9/Mines | Received a Rocket Launcher from a helpful Derelict 2303 | -9/Mines | Learned Materials security intel 2448 | -9/Mines | Discovered new exit (range 3) 2454 | -9/Mines | Met a Derelict shopkeep closing up shop 2512 | -9/Mines | Entered Materials 2512 | -8/Materials | Evolved 4 slots: Propulsion x1, Utility x3 2513 | -8/Materials | Identified exit to Storage 2565 | -8/Materials | Identified exit to Garrison 2566 | -8/Materials | Entered Garrison 2729 | -8/Garrison | Garrison Relay disabled 2732 | -8/Garrison | Triggered checkpoint 2808 | -8/Garrison | Triggered checkpoint 2856 | -8/Garrison | Destroyed 12 combat bots 2929 | -8/Garrison | Discovered new exit (range 13) 2954 | -8/Garrison | Triggered checkpoint 2979 | -8/Garrison | Garrison Relay disabled 3136 | -8/Garrison | Triggered checkpoint 3179 | -8/Garrison | Discovered new exit (range 10) 3207 | -8/Garrison | Triggered checkpoint 3231 | -8/Garrison | Garrison Relay disabled 3304 | -8/Garrison | Triggered checkpoint 3355 | -8/Garrison | Garrison Relay disabled 3418 | -8/Garrison | Triggered checkpoint 3437 | -8/Garrison | Discovered new exit (range 10) 3529 | -8/Garrison | Garrison Relay disabled 3550 | -8/Garrison | Garrison Relay disabled 3685 | -8/Garrison | Triggered checkpoint 3843 | -8/Garrison | Installed Relay Interface Framework 3864 | -8/Garrison | Entered Materials 3864 | -8/Materials | Discovered exit to Storage (range 8) 4348 | -8/Materials | Discovered exit to Storage (range 16) 4437 | -8/Materials | Identified exit to Garrison 4437 | -8/Materials | Entered Garrison 4472 | -8/Garrison | Triggered checkpoint 4542 | -8/Garrison | Triggered checkpoint 4544 | -8/Garrison | Triggered checkpoint 4556 | -8/Garrison | Discovered new exit (range 10) 4566 | -8/Garrison | Triggered checkpoint 4575 | -8/Garrison | Garrison Relay disabled 4580 | -8/Garrison | Triggered checkpoint 4586 | -8/Garrison | Core integrity fell below 50% 4595 | -8/Garrison | Expanded RIF knowledge: Signal Jamming 4609 | -8/Garrison | Core integrity fell below 20% 4616 | -8/Garrison | Lost 4 parts (1p1n2w) 4652 | -8/Garrison | Entered Factory 4652 | -7/Factory | Evolved 2 slots: Propulsion x1, Utility x1 4653 | -7/Factory | Identified exit to Lower Caves 5267 | -7/Factory | Fabricated Gyrokinetic Inverter (x2) 5413 | -7/Factory | Cargo convoy interrupted 5452 | -7/Factory | Search patrols dispatched 5499 | -7/Factory | Discovered exit to Lower Caves (range 10) 5799 | -7/Factory | Lost 5 parts (2p2n1w) 6176 | -7/Factory | Identified exit to Garrison 6176 | -7/Factory | Entered Garrison 6234 | -7/Garrison | Garrison Relay disabled 6450 | -7/Garrison | Triggered checkpoint 6451 | -7/Garrison | Triggered checkpoint 6564 | -7/Garrison | Discovered new exit (range 10) 6668 | -7/Garrison | Triggered checkpoint 6675 | -7/Garrison | Triggered checkpoint 6722 | -7/Garrison | Triggered checkpoint 6722 | -7/Garrison | Lost 4 parts (1p1u2w) 6736 | -7/Garrison | Garrison Relay disabled 6747 | -7/Garrison | Core integrity fell below 50% 6771 | -7/Garrison | Crushed by falling debris 6780 | -7/Garrison | Discovered new exit (range 10) 6786 | -7/Garrison | Core integrity fell below 20% 6786 | -7/Garrison | Entered Factory 6808 | -7/Factory | Lost 5 parts (1n3u1w) 6829 | -7/Factory | Identified exit to DSF 6829 | -7/Factory | Entered DSF 6864 | -7/DSF | Additional patrols routed to DSF 7030 | -7/DSF | Destroyed by G-47 Trooper with Particle Gun Last Messages --------------- 06973_ S-27 Virus unfolds itself. 06973_ S-27 Virus suffers critical hit (Destroy). 06974_ Acquired Reaction Control System. 06977_ Reaction Control System destroyed. 06977_ S-27 Virus destroyed. 06984_ System corrupted: Flak Gun jammed. 06985_ System corrupted: Energy discharge (-31). 06987_ System corrupted: Flak Gun jammed. 06989_ Flak Gun destroyed. 06990_ S-27 Virus destroyed. 07002_ 9%MMOXI03L0R=PX9LVK32FU XD2>WC 07006_ S-27 Virus destroyed. 07009_ Acquired Hrd. Light Armor Plating. 07011_ Acquired 17 matter. 07012_ Acquired Power Shielding. 07015_ Acquired 16 matter. 07017_ Acquired Autogun. 07020_ 7Q:NUMQSJNGHGJC&ZA|9EEJGU4NT7 07025_ Hrd. Light Armor Plating destroyed. 07029_ Mic. Nuclear Core destroyed. Map ----- +----------------------------------------------------+ | | | | | | | | | | | | | | | | | | | | | | | | | | | | | | | ???????????????????????????????????????????????? | | ???????????????????????????????????????????????? | | ???????????????????????????????????????????????? | | ???????????????????????????????????????????????? | | ?????????""?????????????###??????????#""???????? | | ?????????#"#???????????# #??????????#"#???????? | | ??????####"##???????#### ####???????##"####????? | | ??????#"""""#########/== #########"""""#????? | | ??????#"""""## #!! #/*% [ # #!!##"""""#????? | | ????"##"" = %%= ""##"??? | | ????""""" % =! **/@= """""??? | | ?????##"" ## # ###% ###!!!# ## ""###??? | | ??????### ### # #?#= #?#!!!# ### ###????? | | ???????## ####+##### ########?# #??????? | | ???????# !!##!#???# #????????! !#?????? | | ???????# !!##!###?# #????????! !#?????? | | ???????## #### [##### ;##???????## ##?????? | | ???????# !!###[[ #??! !!?????????! !??????? | | ???????# !!#?### #??! !!#????????! !??????? | | ???????# !!#???# #?!! !!#????????! !??????? | | ??????### ###???###?## ###????????# ##?????? | | ??????# #??????????#gg #??????????# ]??????? | | ??????# #??????????? a??????????? ]??????? | | ??????#!! xx?????????? H ??????????? !??????? | | ??????#!! ???????? ??????????? !??????? | | ??????#!! ?????? ???????????? !??????? | | ??????# ## #[[????????????????????????????? | | ??????# #? #?[[#??????????????????????????? | | ??????######??###???#??????????????????????????? | | ???????????????????????????????????????????????? | | ???????????????????????????????????????????????? | | ???????????????????????????????????????????????? | | ???????????????????????????????????????????????? | | ???????????????????????????????????????????????? | | ???????????????????????????????????????????????? | +----------------------------------------------------+ Best States ------------- Heat Dissipation 61 Energy Generation 16 Energy Capacity 290 Matter Stores 300 Matter Capacity 300 Sight Range 16 Terrain Scan Density 10 ECM Strength 1 Additional Mass Support 9 Armor Coverage 525 Resistance: EX 25 Power Shielding 33 Propulsion Shielding 66 Evasion (%) 63 Target Analysis 5 Offensive Hacking 10 Relay Coupler Types 2 Relay Coupler Value 51 Item Schematics ----------------- Arm. Wheel | -8/Materials | Scanalyzed Robot Schematics ------------------ None Fabricated ------------ Gyrokinetic Inverter | x2 | -7/Factory | Preloaded Alien Tech Used ----------------- None Achievements -------------- Error 47 Infiltrator No Signal Short-term Sacrifices Unlikely Earthworm Challenges ------------ None Game ------ Seed HackingProtonPod Manual? 0 Play Time 02:45:25 Cumulative 26.2 hours Start 2024.04.06 @ 17:45:53 End 2024.04.06 @ 22:26:28 Sessions 1 Manual Loads 0 Difficulty Rogue Special Mode None Game No. 18 Rogue 17 Adventurer 1 Explorer 0 Win Type - Total 0 Types 0/0/0/0/0/0/0/0/0 Lore% 21 Gallery% 26 Achievement% 22 Wizard Run 0 Options --------- Layout 0 ASCII 1 Keyboard 1 Movement Numpad Keybinds 0 Fullscreen 2 Font 18/SmallcapsGlow Map View 76x50 Zoom Use 0% Tactical HUD 1 Map Filters NONE Filters NONE Steam 1 RUN: 39ae33b8-e488-41d1-8076-dac7cbb297d1